 Dungeon Crawl Stone Soup version 0.30.0-15-g856e2d3f33 (webtiles) character file.

Game seed: 4389686598001854302

60 Esekla the Grave Robber (level 4, -2/25 HPs)
             Began as a Tengu Necromancer on May 19, 2023.
             Slain by an ufetubus (3 damage)
             ... on level 2 of the Dungeon.
             The game lasted 00:09:16 (1400 turns).

Esekla the Grave Robber (Tengu Necromancer)         Turns: 1400, Time: 00:09:16

Health: -2/25      AC:  2    Str:  8    XL:     4   Next: 6%
Magic:  8/8        EV: 13    Int: 18    God:
Gold:   118        SH:  0    Dex: 14    Spells: 3/7 levels left

rFire   . . .        d - +0 dagger
rCold   . . .        (no shield)
rNeg    . . .        a - +0 robe
rPois   .            (helmet restricted)
rElec   .            (no cloak)
rCorr   .            (no gloves)
SInv    .            (boots unavailable)
Will    +....        (no amulet)
Stlth   ++           j - ring of willpower
HPRegen 0.24/turn    (no ring)
MPRegen 0.11/turn

%: no passive effects
@: no status effects
A: beak, talons 3
a: no special abilities


You were on level 2 of the Dungeon.
You visited 1 branch of the dungeon, and saw 2 of its levels.

You collected 118 gold pieces.

Inventory:

Hand Weapons
 d - a +0 dagger (weapon)
Missiles
 l - 2 poisoned darts
Armour
 a - a +0 robe (worn)
Jewellery
 j - a ring of willpower (left hand)
Wands
 n - a wand of iceblast (5)
Scrolls
 e - 2 scrolls of identify {unknown}
 h - a scroll of enchant weapon {unknown}
 k - a scroll of magic mapping {unknown}
 m - 2 scrolls of vulnerability {unknown}
Potions
 b - a potion of magic
 c - 2 potions of haste {unknown}
 f - a potion of mutation {unknown}
 g - a potion of heal wounds {unknown}
 i - a potion of resistance {unknown}


   Skills:
 * Level 1.1 Fighting
 + Level 0.8 Short Blades
 * Level 3.2 Dodging
 + Level 2.1 Stealth
 * Level 2.1 Spellcasting
 + Level 4.9 Necromancy


You had 3 spell levels left.
You knew the following spells:

 Your Spells              Type           Power      Damage    Failure   Level
a - Necrotise             Necr           76%        1d7       2%          1
d - Vampiric Draining     Necr           19%        2d7       7%          3

Your spell library contained the following spells:

 Spells                   Type           Power      Damage    Failure   Level
 Sandblast                Erth           2%         2d4       19%         1
 Passwall                 Tmut/Erth      0%         N/A       26%         2
 Stone Arrow              Conj/Erth      2%         3d7       47%         3
 Animate Dead             Necr           19%        N/A       24%         4
 Agony                    Necr           19%        N/A       54%         5


Dungeon Overview and Level Annotations

Branches:
Dungeon (2/15)

Altars:

Shops:
D:1 (


Innate Abilities, Weirdness & Mutations

You have a beak for a mouth.
You have claws for feet.


Message History

The ufetubus hits you. x2; The ufetubus closely misses you.
The ufetubus hits you but does no damage.
You hit the ufetubus.
The ufetubus is heavily wounded.
The ufetubus hits you but does no damage.
The ufetubus barely misses you.
You hit the ufetubus but do no damage.
The ufetubus is heavily wounded.
The ufetubus misses you. The ufetubus hits you. The ufetubus misses you.
The ufetubus hits you.
You hit the ufetubus but do no damage. Your peck misses the ufetubus.
The ufetubus is heavily wounded.
The ufetubus barely misses you.
The ufetubus hits you but does no damage.
You miss the ufetubus. You peck the ufetubus.
The ufetubus is severely wounded.
The ufetubus barely misses you. The ufetubus hits you.
You miss the ufetubus. Your kick misses the ufetubus.
The ufetubus is severely wounded.
The ufetubus hits you. The ufetubus barely misses you.
The ufetubus hits you. x2
* * * LOW HITPOINT WARNING * * *
Casting: Vampiric Draining (quite dangerous; 7% risk of failure)
Confirm with . or Enter, or press ? or * to list all spells.
You can't see any susceptible monsters within range! (Use Z to cast anyway.) Unknown command.
You hit the ufetubus. Your kick misses the ufetubus.
Your peck misses the ufetubus.
The ufetubus is almost dead.
The ufetubus hits you but does no damage.
The ufetubus barely misses you.
You closely miss the ufetubus. Your kick misses the ufetubus.
The ufetubus is almost dead.
The ufetubus hits you.
* * * LOW HITPOINT WARNING * * *
The ufetubus barely misses you. The ufetubus closely misses you.
The ufetubus completely misses you.
You miss the ufetubus.
The ufetubus is almost dead.
The ufetubus hits you.
You die...

######### #.......#
######### #.#####.#####
#...5...# #.###.......#
#.#####.#
#.##.....##.###.####
#.##..#..##.##5....#
#............@..##......
#.......###.###.......##
#.#.#..####.# ####.####
#.##...†....# ..
#.##.#.###### #.#
#.....)# . ####†### #.#
##.#


You could see an ufetubus.

Vanquished Creatures
  2 worms (D:2)
  A dart slug (D:1)
  6 bats
  2 endoplasms (D:1)
  7 goblins
  6 hobgoblins
  5 jackals (D:1)
  2 kobolds
  2 quokkas (D:1)
  4 ball pythons
  2 frilled lizards
  10 rats
49 creatures vanquished.

Notes
Turn   | Place    | Note
-------+----------+-------------------------------------------
     0 | D:1      | Esekla the Tengu Necromancer began the quest for the Orb.
     0 | D:1      | Reached XP level 1. HP: 10/10 MP: 4/4
   186 | D:1      | Reached XP level 2. HP: 14/15 MP: 6/6
   230 | D:1      | Found a faded altar of an unknown god.
   614 | D:1      | Reached XP level 3. HP: 19/20 MP: 7/7
   625 | D:1      | Learned a level 3 spell: Vampiric Draining
   745 | D:1      | Found Seggassi's Antique Weapon Emporium.
  1311 | D:2      | Reached XP level 4. HP: 22/24 MP: 8/8
  1318 | D:2      | Reached skill level 1 in Fighting
  1399 | D:2      | HP: 1/25 [ufetubus (4)]
  1400 | D:2      | Slain by an ufetubus

Illustrated notes

Levels and vault maps discovered:
D:1:      dpeg_arrival_subterranean_lakeside_camping, layout_basic,
          dreamdust_ecumenical_altar_angels_and_demons, serial_shops, shop,
          minmay_misc_feat_enclosed
D:2:      layout_loops_cross

Skill      XL: |  1  2  3  4 |
---------------+-------------+-----
Dodging        | 3 |  3.2
Fighting       | 1 |  1.1
Short Blades   | |  0.8
Stealth        | |  2.1
Spellcasting   | |  2.1
Necromancy     | |  4.9

Action                     |  1- 3 |  4- 6 || total
---------------------------+-------+-------++-------
  Melee: Dagger            |   107 |    20 ||   127
         Unarmed           |    11 |       ||    11
         Peck              |    21 |     2 ||    23
         Kick              |    21 |     3 ||    24
         Punch             |     1 |       ||     1
   Cast: Vampiric Draining |     4 |     1 ||     5
   Stab: Sleeping          |     7 |       ||     7
 Armour: Robe              |    26 |     4 ||    30
  Dodge: Dodged            |    65 |    20 ||    85
